[Event "45th FIDE Olympiad 2024"]
[Site "Budapest"]
[Date "2024.09.12"]
[Round "2.40"]
[White "Movahed, Sina"]
[Black "Barria Santos, Jose Guilherme"]
[Result "1-0"]
[ECO "C84"]
[WhiteElo "2528"]
[BlackElo "2411"]
[Annotator "TA"]
[PlyCount "97"]
[EventDate "2024.09.05"]
[EventType "team-tourn"]
[EventCountry "HUN"]
[SourceTitle "playchess.com"]
[Source "ChessBase"]
[SourceQuality "1"]
[WhiteTeam "Iran"]
[BlackTeam "Portugal"]
[WhiteTeamCountry "IRI"]
[BlackTeamCountry "POR"]
[TimeControl "40/5400+30:1800+30"]

1. e4 e5 2. Nf3 Nc6 3. Bb5 a6 4. Ba4 Nf6 5. O-O Be7 6. d3 b5 7. Bb3 d6 8. Bd2 O-O 9. h3 Bd7 10. Re1 {[%emt 0:07:15] The position is equal.} h6 11. c4 b4 12. a3 a5 13. Be3 Re8 14. Nbd2 Bf8 15. Rc1 Be6 16. Kh2 Nb8 17. d4 exd4 18. Nxd4 Bd7 19. Bc2 c5 20. Ne2 Bc6 21. Ng3 Nbd7 22. f4 g6 23. Bf2 h5 24. Ngf1 Bh6 25. Qf3 Nh7 26. Rb1 Qf6 ({Better is} 26... Nhf8 $17 {White must now prevent ...Ne6.} 27. g3 Ne6) 27. g3 $15 bxa3 28. bxa3 Rab8 29. Ne3 Qc3 30. Qd1 {[%emt 0:02:31] [#]} ({Avoid the trap} 30. Nf5 $2 Qxc2 31. Rxb8 Nxb8 $19 (31... gxf5 $2 {perishes.} 32. Rxe8+ Ndf8 33. Rc8 $18) (31... Rxb8 $2 32. Ne7+ Kg7 33. Nxc6 $19)) (30. Red1 $15) 30... h4 ({Of course not} 30... Qxa3 $6 31. Bb3 $11) ({Black should play} 30... Nhf6 $1 $17 {...h4 is the strong threat.} 31. Nd5 Rxb1 32. Nxc3 Rxd1 33. Bxd1 h4) 31. Ng4 hxg3+ 32. Bxg3 Bg7 {[%emt 0:01:03] ...Nhf6 would now be deadly.} 33. Rxb8 Rxb8 34. Re3 {[%emt 0:01:52] [#]} Qa1 (34... Qb2 $1 $17 {Hoping for ...Nhf6.} 35. Rd3 Bd4) 35. Rd3 Qxd1 36. Bxd1 Bf8 37. Bf3 Rb2 38. Kg1 Ndf6 39. Ne3 Ra2 40. Kf1 Rb2 41. h4 Nh5 (41... Ne8 $11 {feels stronger.}) 42. Bxh5 $14 gxh5 43. Nd5 {[%emt 0:00:00] Against Nf6} Kg7 44. e5 dxe5 45. fxe5 Kg6 46. Ne4 Kf5 47. Nd6+ Bxd6 $1 48. exd6 {[%emt 0:00:00] Threatens to win with Ne7+.} Ke6 (48... Nf8 $16) 49. Re3+ {[%emt 0:00:00] Weighted Error Value: White=0.13 (very precise) /Black=0.31.  Loses game:     	---       	Black=1      Mistake:       	White=1     	Black=4      Inaccurate:     	White=9     	Black=4      OK:         	White=12    	Black=17     Best:        	White=3     	---        Strong:       	---       	Black=1} 1-0

[Event "45th FIDE Olympiad 2024"]
[Site "Budapest"]
[Date "2024.09.12"]
[Round "2.40"]
[White "Mwale, George"]
[Black "Nxumalo, Vuyo"]
[Result "1-0"]
[ECO "C54"]
[WhiteElo "2056"]
[BlackElo "1746"]
[Annotator "NA"]
[PlyCount "83"]
[EventDate "2024.09.05"]
[EventType "team-tourn"]
[EventCountry "HUN"]
[SourceTitle "playchess.com"]
[Source "ChessBase"]
[SourceQuality "1"]
[WhiteTeam "Malawi"]
[BlackTeam "Eswatini"]
[WhiteTeamCountry "MWI"]
[TimeControl "40/5400+30:1800+30"]

1. e4 e5 2. Nf3 Nc6 3. Bc4 Bc5 4. c3 Nf6 5. d3 h6 6. O-O O-O 7. d4 Bb6 8. d5 Ne7 9. Bd3 d6 10. h3 Ng6 11. c4 Nh5 12. Nc3 Nhf4 13. Bc2 a6 14. Kh2 Qf6 15. Ng1 Ne7 16. g3 Nfg6 17. Qe2 Nh8 18. f4 exf4 19. gxf4 Nhg6 20. Be3 Bxe3 21. Qxe3 Re8 22. Qg3 Bd7 23. Rae1 Qh4 24. Qxh4 Nxh4 25. f5 g5 26. Kg3 f6 27. Nge2 Nc8 28. Nd4 Re7 29. Ne6 Bxe6 30. dxe6 Na7 31. Nd5 Kf8 32. Nxf6 c6 33. Rd1 Rd8 34. e5 Nc8 35. Nd7+ Rexd7 36. exd7 Rxd7 37. e6 Rd8 38. f6 Re8 39. Rde1 b5 40. e7+ Kf7 41. Bd1 Nxe7 42. fxe7+ 1-0

[Event "45th FIDE Olympiad 2024"]
[Site "Budapest"]
[Date "2024.09.12"]
[Round "2.41"]
[White "Duda, Jan-Krzysztof"]
[Black "Kantor, Gergely"]
[Result "1-0"]
[ECO "A22"]
[WhiteElo "2732"]
[BlackElo "2537"]
[Annotator "TA"]
[PlyCount "123"]
[EventDate "2024.09.05"]
[EventType "team-tourn"]
[EventCountry "HUN"]
[SourceTitle "playchess.com"]
[Source "ChessBase"]
[SourceQuality "1"]
[WhiteTeam "Poland"]
[BlackTeam "Hungary C"]
[WhiteTeamCountry "POL"]
[TimeControl "40/5400+30:1800+30"]

1. c4 e5 2. g3 Nf6 3. Bg2 d5 4. cxd5 Nxd5 5. Nc3 Nb6 6. a3 {[%emt 0:00:10] A22: English Opening: 1...e5 2 Nc3 Nf6.} a5 7. d3 Nc6 8. Be3 Bd6 9. Nf3 O-O 10. Rc1 $146 ({Predecessor:} 10. O-O Be6 11. Ng5 Bf5 12. Nge4 Be7 13. Bc5 Qd7 14. Rc1 Rae8 15. Bxe7 Rxe7 16. Nc5 {½-½ Diederichs,L (1753)-Titgemeyer,E (1519) GER-chT U14 Girls 2011 (3.1)}) 10... Bg4 11. h3 Bh5 12. Nh4 Re8 13. Nf5 Bf8 14. Bxb6 cxb6 15. g4 Bg6 16. Be4 Nd4 17. e3 Ne6 18. Bxb7 Nc5 19. Be4 Rc8 20. h4 b5 21. Ke2 b4 22. axb4 axb4 23. Nd5 f6 24. Qg1 (24. Nxb4 Nxe4 25. Rxc8 Qxc8 26. dxe4 Qc4+ (26... Bxb4 27. Qb3+ Kh8 28. Qxb4 $14) 27. Nd3 h5 $19 (27... Qxe4 $2 28. f3 $19)) 24... Bf7 25. Qg2 Nb3 (25... g6 $6 26. Ng3 $14) (25... Nxe4 {simplifies} 26. dxe4 b3 27. Rhd1 Rc2+) 26. Rxc8 Qxc8 27. Nh6+ gxh6 28. Nxf6+ Kh8 29. Nxe8 Bxe8 30. Kf3 h5 31. g5 Nd2+ 32. Kg3 Qg4+ 33. Kh2 Nxe4 (33... Qe2 {should be considered.}) 34. Qxe4 Qxe4 35. dxe4 Bg6 36. f3 Bc5 37. Re1 b3 $2 {[%emt 0:00:50] [#]} (37... Kg7 $11 {and Black is okay.}) 38. Kg2 $1 $18 Kg7 39. Rc1 ({White should play} 39. Kf2 $16) 39... Bb4 ({Black should try} 39... Bxe3 $14 40. Rc3 Bd4 41. Rxb3 Kf7) 40. Kf2 $18 Bf7 41. Rc7 Bd6 42. Rd7 Bc5 43. Ke2 Kg8 44. Rc7 Bb4 45. f4 Bd6 46. Rc6 Bb4 47. fxe5 Kf8 48. e6 Bg6 49. Rb6 Bc5 (49... Ba5 {might work better.} 50. Rxb3 Ke7) 50. Rb5 $18 (50. Rxb3 Bxe4 51. Rc3 (51. Rb8+ Ke7 $14) 51... Bd6 $14) 50... Bd6 51. Kf3 (51. Rxb3 Bxe4 52. Rc3 Ke7 $11) 51... Bh2 $2 {[%emt 0:02:41] [#]} (51... Ke7 52. e5 (52. Rxb3 Kxe6 53. Rb6 Ke5 $14) 52... Bc7) 52. e5 $1 $18 ({And not} 52. Rxb3 Ke7 $11) (52. Rb7 Ke8 53. Rxb3 Ke7 $11) 52... Be8 53. Rc5 (53. Rxb3 Bxe5 54. Ke4 Bc7 $18) 53... Bg1 54. Rc3 Bh2 55. Ke4 Bg3 56. Kf5 Be1 57. Rxb3 Ba5 58. Rb8 Bc7 59. Rc8 Ba5 60. Kf6 Bb4 61. Rc7 Kg8 62. e7 1-0

[Event "45th FIDE Olympiad 2024"]
[Site "Budapest"]
[Date "2024.09.12"]
[Round "2.41"]
[White "Van Bemmelen, Ursus"]
[Black "Moncur, Cecil"]
[Result "1-0"]
[ECO "A41"]
[WhiteElo "2146"]
[BlackElo "1839"]
[Annotator "NA"]
[PlyCount "79"]
[EventDate "2024.09.05"]
[EventType "team-tourn"]
[EventCountry "HUN"]
[SourceTitle "playchess.com"]
[Source "ChessBase"]
[SourceQuality "1"]
[WhiteTeam "Netherlands Antilles"]
[BlackTeam "Bahamas"]
[WhiteTeamCountry "AHO"]
[BlackTeamCountry "BAH"]
[TimeControl "40/5400+30:1800+30"]

1. d4 g6 2. c4 Bg7 3. Nf3 d6 4. h3 Nc6 5. Bg5 Nf6 6. Nc3 O-O 7. e3 Re8 8. Be2 Nd7 9. O-O h6 10. Bh4 g5 11. Bg3 e5 12. dxe5 Ndxe5 13. Qc2 Be6 14. Nd5 f5 15. Rad1 Qd7 16. b4 Nxf3+ 17. Bxf3 Ne5 18. Bh5 Bf7 19. Bxf7+ Qxf7 20. f4 Nxc4 21. Qxc4 c6 22. fxg5 cxd5 23. Rxd5 Be5 24. g6 Qe6 25. Bxe5 dxe5 26. Rxf5 Rac8 27. Qd3 Rc3 28. Rfxe5 Rxd3 29. Rxe6 Rxe3 30. Rxe8+ Rxe8 31. Rd7 Re2 32. a4 Rb2 33. Rxb7 a5 34. b5 Rb4 35. Ra7 Rxa4 36. b6 Rb4 37. b7 a4 38. Ra8+ Kg7 39. b8=Q Rxb8 40. Rxb8 1-0

[Event "45th FIDE Olympiad 2024"]
[Site "Budapest"]
[Date "2024.09.12"]
[Round "2.42"]
[White "Krstulovic, Alex"]
[Black "Piorun, Kacper"]
[Result "1/2-1/2"]
[ECO "E12"]
[WhiteElo "2452"]
[BlackElo "2599"]
[Annotator "TA"]
[PlyCount "89"]
[EventDate "2024.09.05"]
[EventType "team-tourn"]
[EventCountry "HUN"]
[SourceTitle "playchess.com"]
[Source "ChessBase"]
[SourceQuality "1"]
[WhiteTeam "Hungary C"]
[BlackTeam "Poland"]
[BlackTeamCountry "POL"]
[TimeControl "40/5400+30:1800+30"]

1. d4 e6 2. Bf4 Nf6 3. Nf3 b6 4. e3 Bb7 5. c4 Bb4+ 6. Nfd2 c5 {[%emt 0:00:06] E12: Queen's Indian: Unusual White 4th moves, 4 a3, 4 Nc3 Bb7 5 a3 and 4 Nc3 Bb7 .} 7. a3 Bxd2+ 8. Nxd2 cxd4 9. Bd6 $146 ({Predecessor:} 9. exd4 d6 10. Be2 Nc6 11. Nf3 O-O 12. O-O Rc8 13. b4 Ne4 14. Qd3 Ne7 15. Ng5 Nxg5 16. Bxg5 {1-0 Jonsson,K (2072)-Lindberg,H (2246) SWE-chT2 1112 2011 (1)}) 9... dxe3 10. fxe3 h5 11. Be2 Ng4 (11... Bxg2 12. Rg1 Bc6 13. b4 (13. Rxg7 Ng4 $15)) 12. Bxg4 (12. Bf3 $11 Bc6 (12... Nxe3 13. Qb3 $11) 13. Qe2) 12... Qh4+ $17 (12... hxg4 13. Qxg4 Qh4+ 14. Qxh4 Rxh4 15. O-O $11) 13. g3 Qxg4 14. Qxg4 hxg4 15. O-O f5 (15... Nc6 $17 16. Rf4 f5) 16. e4 g6 (16... fxe4 17. Rf4 Nc6 (17... e3 18. Raf1 $14) 18. Rxe4 $14) (16... Bxe4 $6 17. Nxe4 fxe4 18. Rae1 $14) 17. Rae1 Kf7 18. b4 $1 Na6 19. c5 b5 20. Nb3 Nb8 21. Na5 Bc6 22. Rf4 Na6 (22... Rh3 $11 {remains equal.}) 23. Ref1 Ke8 (23... Bxe4 $2 24. Rxe4 Ke8 25. Rd4 $18) 24. exf5 gxf5 25. Rd4 Rc8 26. Re1 Kf7 (26... Bf3 $11 {keeps the balance.}) 27. Be5 $1 $16 Rhd8 28. Red1 $1 Bd5 29. Rxd5 $1 exd5 30. Nb7 $1 Rg8 31. Nd6+ (31. Rxd5 $2 {loses.} Ke6 32. Rd6+ Kxe5 $19) 31... Ke6 {[%emt 0:00:13] [#]} 32. Bd4 $1 Ke7 33. Nxf5+ (33. Nxc8+ $142 Rxc8 34. Re1+ Kd8 35. Re5) 33... Kf7 (33... Kd8 $16 {was worth a try.}) 34. Nd6+ $18 Kg6 35. Nxc8 ({Don't play} 35. Nxb5 $6 Nc7 36. Nxc7 (36. Nxa7 Ra8 $11) 36... Rxc7 $11) 35... Rxc8 36. Rf1 Nb8 37. Rf6+ Kg5 38. Rd6 (38. Bb2 $16) 38... Kf5 $14 39. Rxd5+ Ke4 40. Rd6 Rc6 41. Bf2 Rxd6 42. cxd6 Nc6 43. Kg2 a5 (43... Kd5 $11) 44. bxa5 $14 Nxa5 {[%emt 0:00:04] [#]} 45. Be1 ({Better is} 45. Bc5 $1 $16) 1/2-1/2

[Event "45th FIDE Olympiad 2024"]
[Site "Budapest"]
[Date "2024.09.12"]
[Round "2.42"]
[White "Ferguson, Joseph"]
[Black "Capella, Rurik"]
[Result "1/2-1/2"]
[ECO "A02"]
[WhiteElo "1797"]
[BlackElo "1971"]
[Annotator "NA"]
[PlyCount "90"]
[EventDate "2024.09.05"]
[EventType "team-tourn"]
[EventCountry "HUN"]
[SourceTitle "playchess.com"]
[Source "ChessBase"]
[SourceQuality "1"]
[WhiteTeam "Bahamas"]
[BlackTeam "Netherlands Antilles"]
[WhiteTeamCountry "BAH"]
[BlackTeamCountry "AHO"]
[TimeControl "40/5400+30:1800+30"]

1. f4 Nh6 2. e4 d5 3. e5 Bg4 4. Nf3 e6 5. Be2 Bc5 6. d4 Bb6 7. Ng5 Bxe2 8. Qxe2 Bxd4 9. Be3 Bxe3 10. Qxe3 Nf5 11. Qa3 Nd7 12. Nd2 Nxe5 13. Nxe6 fxe6 14. fxe5 Qh4+ 15. g3 Qe7 16. Qxe7+ Kxe7 17. O-O-O Rhf8 18. Nb3 b6 19. c3 c5 20. a4 Ne3 21. Rde1 Nc4 22. Re2 Rf5 23. Rhe1 Raf8 24. Nd2 Nxd2 25. Kxd2 Kd7 26. b4 cxb4 27. cxb4 Rf2 28. b5 Rxe2+ 29. Rxe2 Rc8 30. Rf2 Ke7 31. Rf4 Rc5 32. Rd4 Kf7 33. Rf4+ Ke7 34. Rd4 Rc8 35. Rf4 Ra8 36. Kc3 Rc8+ 37. Kd2 a6 38. bxa6 Ra8 39. Kc3 Rxa6 40. Kb4 Ra5 41. Rd4 Kf7 42. Rf4+ Ke7 43. Rd4 Rc5 44. h4 Kf7 45. h5 h6 1/2-1/2

[Event "45th FIDE Olympiad 2024"]
[Site "Budapest"]
[Date "2024.09.12"]
[Round "2.43"]
[White "Bartel, Mateusz"]
[Black "Juhasz, Agoston"]
[Result "1-0"]
[ECO "A21"]
[WhiteElo "2618"]
[BlackElo "2427"]
[Annotator "TA"]
[PlyCount "63"]
[EventDate "2024.09.05"]
[EventType "team-tourn"]
[EventCountry "HUN"]
[SourceTitle "playchess.com"]
[Source "ChessBase"]
[SourceQuality "1"]
[WhiteTeam "Poland"]
[BlackTeam "Hungary C"]
[WhiteTeamCountry "POL"]
[TimeControl "40/5400+30:1800+30"]

1. c4 e5 2. Nc3 Bb4 3. Nd5 Bc5 4. e3 Nf6 5. b4 Nxd5 6. bxc5 Nf6 7. Nf3 e4 8. Nd4 {[%emt 0:00:15] The position is equal.} Nc6 9. Bb2 O-O 10. Be2 b6 11. O-O bxc5 12. Nxc6 dxc6 13. f4 exf3 14. Rxf3 {[%emt 0:07:18] Threatens to win with Bxf6.} Ne4 15. d3 {[%emt 0:00:42][%mdl 1024] White has compensation.} Ng5 16. Rg3 f6 17. Qf1 Rb8 18. Bc3 Qd6 19. Qf2 Kh8 20. Rf1 {[%emt 0:01:25][%cal Og3g5] aiming for Rxg5!} Bd7 21. Qe1 h6 22. Qf2 Rbe8 23. h4 Nh7 ({Black should try} 23... Ne6 $11) 24. e4 $14 Rb8 25. Bh5 Be8 26. Bg4 {[%emt 0:00:21] White is more active.} Rf7 ({Black should play} 26... a5 27. Re3 (27. Bxa5 Bd7 $16) 27... Bd7) 27. Bf5 (27. Re3 $142) 27... Nf8 {[%emt 0:01:00] [#]} (27... Re7 $16 {keeps fighting.}) 28. Qe3 $1 $18 Nd7 {[%emt 0:06:29] [#]} 29. Bxd7 Bxd7 30. e5 Qe6 (30... Qe7 $16 31. Qc1 (31. exf6 Qxe3+ 32. Rxe3 gxf6 $16) 31... f5) 31. Rg6 ({Less strong is} 31. exf6 Qxe3+ 32. Rxe3 gxf6 $16) 31... Kg8 32. Qxh6 {[%emt 0:03:29] Weighted Error Value: White=0.05 (flawless) /Black=0.42.  Loses game:     	---       	Black=1      Mistake:       	White=1     	Black=3      Inaccurate:     	White=1     	Black=2      OK:         	White=14    	Black=12     Best:        	White=2     	---        Strong:       	White=1     	---} 1-0

[Event "45th FIDE Olympiad 2024"]
[Site "Budapest"]
[Date "2024.09.12"]
[Round "2.43"]
[White "Van Opstal, Rurik"]
[Black "Pride, Avian"]
[Result "1-0"]
[ECO "C02"]
[WhiteElo "2006"]
[BlackElo "1743"]
[Annotator "NA"]
[PlyCount "71"]
[EventDate "2024.09.05"]
[EventType "team-tourn"]
[EventCountry "HUN"]
[SourceTitle "playchess.com"]
[Source "ChessBase"]
[SourceQuality "1"]
[WhiteTeam "Netherlands Antilles"]
[BlackTeam "Bahamas"]
[WhiteTeamCountry "AHO"]
[BlackTeamCountry "BAH"]
[TimeControl "40/5400+30:1800+30"]

1. e4 e6 2. d4 d5 3. e5 c5 4. c3 Nc6 5. Nf3 Bd7 6. a3 cxd4 7. cxd4 Qb6 8. Nc3 Na5 9. b4 Nc4 10. Bxc4 dxc4 11. O-O Ne7 12. Be3 Nd5 13. Rc1 Be7 14. Qe2 Rc8 15. Ne4 Qa6 16. Qb2 Bc6 17. Nc5 Bxc5 18. dxc5 Nxe3 19. fxe3 b6 20. Nd2 bxc5 21. Nxc4 O-O 22. Nd6 Bb5 23. Nxc8 Bxf1 24. Nd6 Bd3 25. bxc5 Qc6 26. Qc3 Ba6 27. Rb1 Rd8 28. Qd4 h6 29. Rb2 Rd7 30. Rb8+ Kh7 31. Rf8 Bb7 32. e4 Qc7 33. h3 g6 34. Qf2 Bxe4 35. Qf6 Qxc5+ 36. Kh2 1-0

[Event "45th FIDE Olympiad 2024"]
[Site "Budapest"]
[Date "2024.09.12"]
[Round "2.44"]
[White "Karacsonyi, Gellert"]
[Black "Gumularz, Szymon"]
[Result "1/2-1/2"]
[ECO "B10"]
[WhiteElo "2403"]
[BlackElo "2571"]
[Annotator "TA"]
[PlyCount "51"]
[EventDate "2024.09.05"]
[EventType "team-tourn"]
[EventCountry "HUN"]
[SourceTitle "playchess.com"]
[Source "ChessBase"]
[SourceQuality "1"]
[WhiteTeam "Hungary C"]
[BlackTeam "Poland"]
[BlackTeamCountry "POL"]
[TimeControl "40/5400+30:1800+30"]

1. e4 ({Predecessor:} 1. c4 e6 2. g3 d5 3. Bg2 Nf6 4. Nf3 dxc4 5. Qa4+ Nbd7 6. Qxc4 a6 7. Qc2 c5 8. Nc3 Qc7 9. d4 b5 10. O-O Bb7 11. Bf4 Bd6 12. Bxd6 Qxd6 13. Rfd1 O-O 14. dxc5 Qxc5 15. a3 Rac8 16. Rac1 {0-1 Nepomniachtchi,I (2767)-Abdusattorov,N (2762) Saint Louis Blitz 2024 (13)}) 1... c6 2. Nf3 d5 3. d3 g6 4. e5 c5 5. Bf4 Nc6 6. Qd2 {[%emt 0:04:54] B10: Caro-Kann: 2 d3 and 2 c4.} Bg4 7. Nh4 e6 8. g3 Be7 9. h3 Bh5 10. g4 Bxh4 11. gxh5 g5 12. Bh2 f6 13. exf6 Nxf6 14. Be2 Rf8 15. O-O Qd7 16. Qe3 O-O-O 17. Qxc5 e5 18. Nc3 Qxh3 19. Nb5 Ng4 20. Nxa7+ Kc7 21. Bxg4 Qxg4+ 22. Kh1 Qf3+ 23. Kg1 Qg4+ 24. Kh1 Qf3+ 25. Kg1 Qg4+ 26. Kh1 1/2-1/2

[Event "45th FIDE Olympiad 2024"]
[Site "Budapest"]
[Date "2024.09.12"]
[Round "2.44"]
[White "Skinner, Francis"]
[Black "Van Delden, Johan"]
[Result "1-0"]
[ECO "C45"]
[WhiteElo "1628"]
[BlackElo "1909"]
[Annotator "NA"]
[PlyCount "64"]
[EventDate "2024.09.05"]
[EventType "team-tourn"]
[EventCountry "HUN"]
[SourceTitle "playchess.com"]
[Source "ChessBase"]
[SourceQuality "1"]
[WhiteTeam "Bahamas"]
[BlackTeam "Netherlands Antilles"]
[WhiteTeamCountry "BAH"]
[BlackTeamCountry "AHO"]
[TimeControl "40/5400+30:1800+30"]

1. e4 e5 2. Nf3 Nc6 3. d4 exd4 4. Nxd4 Bc5 5. Be3 Qf6 6. c3 Bb6 7. Be2 Nge7 8. O-O a6 9. Re1 O-O 10. Na3 Nxd4 11. Bxd4 Bxd4 12. Qxd4 Qg6 13. Rad1 d6 14. Qe3 Nc6 15. Nc2 Re8 16. Bd3 Bg4 17. f3 Bd7 18. Nd4 Ne5 19. Bb1 Qh5 20. Qf2 g6 21. b3 Rad8 22. Qg3 Kf8 23. Ne2 Qh6 24. Nf4 Bc6 25. a3 b6 26. Ba2 a5 27. b4 axb4 28. axb4 Ra8 29. Bd5 Ra3 30. Bxc6 Nxc6 31. Nd5 Rc8 32. Nxc7 Ne5 1-0

[Event "45th FIDE Olympiad 2024"]
[Site "Budapest"]
[Date "2024.09.12"]
[Round "2.45"]
[White "Keinanen, Toivo"]
[Black "Suleymanli, Aydin"]
[Result "1/2-1/2"]
[ECO "E05"]
[WhiteElo "2554"]
[BlackElo "2632"]
[Annotator "TA"]
[PlyCount "60"]
[EventDate "2024.09.05"]
[EventType "team-tourn"]
[EventCountry "HUN"]
[SourceTitle "playchess.com"]
[Source "ChessBase"]
[SourceQuality "1"]
[WhiteTeam "Finland"]
[BlackTeam "Azerbaijan"]
[WhiteTeamCountry "FIN"]
[BlackTeamCountry "AZE"]
[TimeControl "40/5400+30:1800+30"]

1. d4 Nf6 2. c4 e6 3. g3 d5 4. Bg2 Be7 5. Nf3 O-O 6. O-O dxc4 7. Ne5 Nc6 8. Bxc6 bxc6 9. Nxc6 Qe8 10. Nxe7+ Qxe7 11. Qa4 e5 {[%emt 0:00:49] The position is equal.} 12. dxe5 Qxe5 13. Nc3 Ne4 14. Qxc4 Nxc3 15. bxc3 Be6 16. Bf4 Bxc4 17. Bxe5 c6 18. Rfe1 Rfe8 19. Bd4 Bxe2 20. Be3 Bf3 21. Bxa7 Rxe1+ 22. Rxe1 $11 {[%emt 0:00:02][%cal Oe1b1][%mdl 4096] Endgame. KRB-KRB} f6 23. Re7 Rd8 24. Re1 Ra8 25. Re7 Rd8 26. Re1 Ra8 27. Re7 Rd8 28. Re1 Ra8 29. Re7 Rd8 {[%emt 0:00:09] [#] ( -> ...Rd1+)} 30. Re1 Ra8 {[%emt 0:00:09] A rather calm draw.   Weighted Error Value: White=0.02 (flawless) /Black=0.00 (flawless) .  OK:         	White=11    	Black=16     Best:        	---       	Black=2} 1/2-1/2

[Event "45th FIDE Olympiad 2024"]
[Site "Budapest"]
[Date "2024.09.12"]
[Round "2.45"]
[White "Fancy, Stuart"]
[Black "Chinchilla, Alejandro Jose"]
[Result "1/2-1/2"]
[ECO "D00"]
[WhiteElo "1921"]
[BlackElo "2113"]
[Annotator "NA"]
[PlyCount "62"]
[EventDate "2024.09.05"]
[EventType "team-tourn"]
[EventCountry "HUN"]
[SourceTitle "playchess.com"]
[Source "ChessBase"]
[SourceQuality "1"]
[WhiteTeam "Papua New Guinea"]
[BlackTeam "Honduras"]
[WhiteTeamCountry "PNG"]
[BlackTeamCountry "HON"]
[TimeControl "40/5400+30:1800+30"]

1. Nc3 d5 2. d4 c5 3. Bg5 f6 4. Bf4 cxd4 5. Qxd4 e5 6. Qxd5 exf4 7. O-O-O Qxd5 8. Nxd5 Bd6 9. Nh3 Bxh3 10. gxh3 Nc6 11. Rg1 g6 12. Nxf6+ Nxf6 13. Rxd6 Ke7 14. Rd3 Rad8 15. Rb3 Rd7 16. h4 Rhd8 17. Rd3 Ne5 18. Rxd7+ Rxd7 19. Bh3 Rd8 20. Rd1 Neg4 21. Rxd8 Kxd8 22. f3 Ne3 23. Kd2 Kc7 24. Kd3 Kd6 25. c4 Kc5 26. a3 Nxc4 27. b4+ Kd5 28. Bc8 Nd6 29. Bh3 b5 30. e4+ fxe3 31. Bg2 Ke5 1/2-1/2

[Event "45th FIDE Olympiad 2024"]
[Site "Budapest"]
[Date "2024.09.12"]
[Round "2.46"]
[White "Abasov, Nijat"]
[Black "Sipila, Vilka"]
[Result "1-0"]
[ECO "B90"]
[WhiteElo "2626"]
[BlackElo "2462"]
[Annotator "TA"]
[PlyCount "87"]
[EventDate "2024.09.05"]
[EventType "team-tourn"]
[EventCountry "HUN"]
[SourceTitle "playchess.com"]
[Source "ChessBase"]
[SourceQuality "1"]
[WhiteTeam "Azerbaijan"]
[BlackTeam "Finland"]
[WhiteTeamCountry "AZE"]
[BlackTeamCountry "FIN"]
[TimeControl "40/5400+30:1800+30"]

1. e4 c5 2. Nf3 d6 3. d4 cxd4 4. Nxd4 Nf6 5. Nc3 a6 6. Be3 e5 7. Nb3 Be6 8. h3 Be7 9. Qf3 O-O 10. O-O-O {[%emt 0:00:42] The position is equal.} b5 11. g4 b4 $1 12. Nd5 Nxd5 13. exd5 Bc8 14. Bd3 a5 15. Nd2 (15. Nc5 $5) 15... a4 16. Ne4 {[%emt 0:11:22] [#]} (16. Qe4 $11 f5 17. Qxb4) 16... b3 17. cxb3 (17. axb3 axb3 18. cxb3 Na6 $15) 17... axb3 18. a3 Qc7+ (18... f5 $11 19. gxf5 Bxf5) 19. Kb1 $14 Ba6 {[%emt 0:00:08] ( -> ...Bxd3+)} 20. Qe2 {[%emt 0:01:12] White is more active.} Qb7 21. Rc1 Qxd5 22. Rhd1 Qb7 23. Nc3 Rc8 24. Qd2 {[%emt 0:12:32] [#] Be4 is the strong threat.} (24. Nd5 $5 Rxc1+ (24... Qxd5 $2 25. Rxc8+ Bxc8 26. Bxh7+ Kxh7 27. Rxd5 $18) 25. Bxc1 Bxd3+ (25... Qxd5 $2 26. Bxa6 Qc6 27. Bc4 $18) 26. Rxd3 $14) 24... Bxd3+ 25. Qxd3 Bf8 26. Qd5 (26. Qe4 {seems wilder.} Nc6 27. Nd5 Nd8 28. Bb6) 26... Qxd5 27. Nxd5 Nd7 28. Rd3 Rxc1+ 29. Kxc1 Rb8 30. Kd2 g6 31. Kc3 (31. g5 $11 {keeps the balance.}) 31... e4 ({Black should play} 31... f5 $17 {aiming for ...f4.} 32. gxf5 gxf5) 32. Rd1 $11 f5 33. gxf5 gxf5 34. Ba7 (34. Bd4 $11 {remains equal.}) 34... Rb7 (34... Bg7+ $17 35. Bd4 Bxd4+ 36. Rxd4 Kf7) 35. Bd4 Kf7 36. a4 Nb8 (36... Nc5 $11 37. a5 Rb5 38. Bxc5 Bg7+ (38... Rxc5+ $2 39. Kb4 $18) 39. Kc4 (39. Bd4 Rc5+ 40. Kxb3 Rxd5 $11) 39... Rxc5+ 40. Kb4 Bxb2) 37. a5 $16 Ke6 (37... Rb5 38. Bb6 Be7 39. Kc4 Rxd5 40. Rxd5 $18 (40. Kxd5 h6 $18)) 38. Bb6 (38. Kc4 {keeps more tension.} Nc6 39. a6 Rb8 40. Nc7+) 38... Kd7 $2 {[%emt 0:00:46][%mdl 8192] A mistake that costs the game.} (38... Nd7 $14) 39. Kxb3 $18 {[%emt 0:00:24] White is clearly winning.} Bg7 40. Ka3 Kc6 41. b4 Rf7 (41... Kb5 $142 42. Ne3 Be5 43. Rd5+ (43. Nxf5 Na6 $18) 43... Kc6 44. b5+ Kd7) 42. Ka4 f4 43. b5+ Kb7 44. Re1 {[%emt 0:00:00] Weighted Error Value: White=0.19 (very precise) /Black=0.37.  Loses game:     	---       	Black=1      Mistake:       	White=3     	Black=6      Inaccurate:     	White=2     	Black=2      OK:         	White=9     	Black=16     Best:        	White=5     	Black=1      Strong:       	---       	Black=1} 1-0

[Event "45th FIDE Olympiad 2024"]
[Site "Budapest"]
[Date "2024.09.12"]
[Round "2.46"]
[White "Colindres, Daniel"]
[Black "McCoy, Tom"]
[Result "0-1"]
[ECO "B01"]
[WhiteElo "2079"]
[BlackElo "1883"]
[Annotator "NA"]
[PlyCount "70"]
[EventDate "2024.09.05"]
[EventType "team-tourn"]
[EventCountry "HUN"]
[SourceTitle "playchess.com"]
[Source "ChessBase"]
[SourceQuality "1"]
[WhiteTeam "Honduras"]
[BlackTeam "Papua New Guinea"]
[WhiteTeamCountry "HON"]
[BlackTeamCountry "PNG"]
[TimeControl "40/5400+30:1800+30"]

1. e4 d5 2. exd5 Qxd5 3. d4 Nc6 4. Be3 Bf5 5. c4 Qd6 6. Nc3 O-O-O 7. Nf3 Nf6 8. d5 Ne5 9. Nd4 Qd7 10. Ndb5 a6 11. Na7+ Kb8 12. Qb3 Ka8 13. O-O-O Nfg4 14. Bd4 Qd6 15. f4 Nd7 16. g3 e5 17. Bg1 exf4 18. Ncb5 axb5 19. Nxb5 Qh6 20. Qa4+ Kb8 21. Qa5 f3+ 22. Rd2 Nb6 23. d6 Bxd6 24. Bxb6 cxb6 25. Qa7+ Kc8 26. Qxb6 Qxd2+ 27. Kxd2 Bc5+ 28. Qxd8+ Rxd8+ 29. Kc3 Rd1 30. b4 Bf2 31. c5 Ne3 32. Nd6+ Kc7 33. b5 Be6 34. Ne4 Be1+ 35. Kb2 Ba5 0-1